 Dungeon Crawl Stone Soup version 0.17-a0-903-g49d4bbf (webtiles) character file.

127 FedoraBrony69 the Magician (level 4, 0/24 HPs)
             Began as a Deep Elf Conjurer on May 2, 2015.
             Succumbed to an adder's poison
             ... on level 3 of the Dungeon.
             The game lasted 00:06:09 (1852 turns).

FedoraBrony69 the Magician (Deep Elf Conjurer)      Turns: 1852, Time: 00:06:09

Health: 0/24       AC:  3    Str:  5    XL:     4   Next: 85%
Magic:  1/13       EV: 13    Int: 21    God:
Gold:   98         SH:  0    Dex: 15    Spells: 1 memorised, 13 levels left

rFire  . . .     SeeInvis +     q - +0 spear
rCold  . . .     Clarity  .     a - +0 robe
rNeg   + . .     SustAb   .     (no shield)
rPois  .         Gourm    +     (no helmet)
rElec  .         Spirit   .     j - +0 cloak
rCorr  .         Warding  .     (no gloves)
rMut   .         Stasis   .     (no boots)
MR     .....                    h - amulet of the gourmand
Stlth  ++........               m - ring of see invisible
                                w - ring of positive energy

@: lethally poisoned (0 -> -4), not resistant to hostile enchantments,
unstealthy
A: no striking features
a: no special abilities


You were on level 3 of the Dungeon.
You were full.

You visited 1 branch of the dungeon, and saw 3 of its levels.

You collected 98 gold pieces.

Inventory:

Hand weapons
 e - a +0 club
 q - a +0 spear (weapon)
Armour
 a - a +0 robe (worn)
 j - a +0 cloak (worn)
Jewellery
 h - an amulet of the gourmand (around neck)
 k - an uncursed ring of ice
 m - a ring of see invisible (right hand)
 w - a ring of positive energy (left hand)
Scrolls
 f - a scroll of amnesia {unknown}
 g - 3 scrolls of identify {unknown}
 l - a scroll of random uselessness {unknown}
 n - a scroll of teleportation {unknown}
 t - a scroll of remove curse {unknown}
Potions
 d - 3 potions of lignification
 i - a potion of ambrosia {unknown}
 o - a potion of beneficial mutation {unknown}
 p - a potion of haste {unknown}
 r - a potion of curing {unknown}
 u - a potion of cure mutation {unknown}
 v - a potion of magic {unknown}
Books
 b - a book of Conjurations

   Spells                             Type                      Level
   a - Magic Dart                     Conjuration                  1
   b - Searing Ray                    Conjuration                  2
   c - Dazzling Spray                 Conjuration/Hexes            3
   d - Fulminant Prism                Conjuration/Hexes            4
   e - Iskenderun's Mystic Blast      Conjuration                  4
   f - Iskenderun's Battlesphere      Conjuration/Charms           5
Comestibles
 c - 3 bread rations
 s - a meat ration


   Skills:
 - Level 2.4 Dodging
 - Level 2.4 Stealth
 + Level 5.6 Spellcasting
 + Level 5.5 Conjurations


You had 13 spell levels left.
You knew the following spells:

 Your Spells              Type           Power        Failure   Level  Hunger
a - Magic Dart            Conj           ####         1%          1    None


Dungeon Overview and Level Annotations

Branches:
Dungeon (3/15)

Altars:


Message History

You don't have enough magic to cast that spell.
Casting: Magic Dart
Confirm with . or Enter, or press ? or * to list all spells.
You don't have enough magic to cast that spell.
Casting: Magic Dart
Confirm with . or Enter, or press ? or * to list all spells.
You don't have enough magic to cast that spell.
Casting: Magic Dart
Confirm with . or Enter, or press ? or * to list all spells.
You don't have enough magic to cast that spell.
Casting: Magic Dart
Confirm with . or Enter, or press ? or * to list all spells.
You don't know that spell.
You barely miss the orc.
The orc is severely wounded.
The orc hits you with a short sword.
* * * LOW HITPOINT WARNING * * *
You hit the orc.
The orc is severely wounded.
You die...

#o#######.#
#.#.....#.#
##.#.###.#.# #o.#.#
#.#.# #.##.###h#.#
#.....##.#)# # #
#...o..#o#.#
#...#.#.####.#.#o#
......>....#.#S#@#
....##.[##.#.#.###.#
.. #.†. #.o.....#
##†## ###.##### #.#
#.# .)# #.. ..# ####
..# #..


You could see an orc.

Vanquished Creatures
  6 adders
  An ooze (D:2)
  5 worms (D:2)
  2 orcs (D:3)
  A giant cockroach (D:1)
  7 goblins
  5 hobgoblins
  7 kobolds
  A quokka (D:2)
  A ball python (D:1)
  6 bats
  A giant newt (D:1)
  8 jackals
  2 rats
53 creatures vanquished.

Notes
Turn   | Place    | Note
--------------------------------------------------------------
     0 | D:1      | FedoraBrony69, the Deep Elf Conjurer, began the quest for the Orb.
     0 | D:1      | Reached XP level 1. HP: 10/10 MP: 6/6
   260 | D:1      | Reached XP level 2. HP: 15/15 MP: 6/8
   624 | D:2      | Reached XP level 3. HP: 17/19 MP: 0/10
   724 | D:2      | Reached skill level 5 in Conjurations
  1317 | D:2      | Reached XP level 4. HP: 24/24 MP: 8/12
  1388 | D:2      | Reached skill level 5 in Spellcasting
  1851 | D:3      | HP: 1/24 [orc/short sword (6)]
  1852 | D:3      | Succumbed to an adder's poison

Action                   |  1- 3 |  4- 6 || total
-------------------------+-------+-------++-------
Melee: Unarmed           |     6 |       ||     6
       Club              |     4 |       ||     4
       Spear             |    10 |     2 ||    12
 Cast: Magic Dart        |    91 |    60 ||   151
  Use: Potion            |     1 |       ||     1
  Eat: Chunk             |     1 |     8 ||     9
